 Dungeon Crawl Stone Soup version 0.16.2-12-gd0ad4c3 (webtiles) character file.

1682 dvd the Quickloader (level 9, -1/51 HPs)
             Began as a Kobold Hunter on Oct 4, 2015.
             Was a Follower of Okawaru.
             Slain by a spatial maelstrom (8 damage)
             ... on level 1 of the Abyss on Oct 5, 2015.
             The game lasted 00:44:42 (8107 turns).

dvd the Quickloader (Kobold Hunter)                 Turns: 8107, Time: 00:44:42

Health: -1/51      AC:  5    Str: 10      XL:     9   Next: 21%
Magic:  14/14      EV: 19    Int:  9      God:    Okawaru [*.....]
Gold:   323        SH:  0    Dex: 17 (20) Spells: 0 memorised, 8 levels left

rFire  + . .     SeeInvis .     a - +0 short sword
rCold  + . .     Clarity  .     c - +2 leather armour {rC+}
rNeg   . . .     SustAb   .     (no shield)
rPois  .         Gourm    .     (no helmet)
rElec  .         Spirit   .     (no cloak)
rCorr  .         Warding  .     (no gloves)
rMut   .         Stasis   .     (no boots)
MR     .....                    (no amulet)
Stlth  +++.......               (no ring)
                                l - ring of protection from fire

@: not resistant to hostile enchantments, fairly stealthy
A: carnivore 3
a: Heroism, Renounce Religion


You were on level 1 of the Abyss.
You worshipped Okawaru.
Okawaru was aware of your devotion.
You were very full.

You visited 2 branches of the dungeon, and saw 7 of its levels.
You visited the Abyss 1 time.

You collected 323 gold pieces.

Inventory:

Hand weapons
 a - a +0 short sword (weapon)
 b - a +2 hand crossbow
 h - a +0 dagger
 v - a +0 shortbow
Missiles
 m - 30 poisoned needles
 q - 28 sling bullets
 w - 18 arrows
Armour
 c - a +2 leather armour of cold resistance (worn)
 o - a +1 leather armour
Jewellery
 l - a ring of protection from fire (left hand)
Magical devices
 d - a wand of fire (7)
 s - a wand of disintegration (17)
 t - a wand of flame (4)
Scrolls
 i - 5 scrolls of identify
 k - a scroll of enchant weapon
 r - 2 scrolls of remove curse
Potions
 e - 2 potions of flight {unknown}
 g - 3 potions of curing
 j - a potion of heal wounds
 p - a potion of agility
Comestibles
 f - a meat ration
 u - a slice of pizza


   Skills:
 + Level 3.2 Fighting
 + Level 3.5 Short Blades
 + Level 8.6 Crossbows
 + Level 2.3 Throwing
 + Level 3.2 Armour
 + Level 7.7 Dodging
 + Level 3.3 Stealth
 + Level 0.2 Invocations
 + Level 3.7 Evocations


You had 8 spell levels left.
You didn't know any spells.

Dungeon Overview and Level Annotations

Branches:
Dungeon (6/15)             Temple (1/1) D:5

Altars:
Ashenzari
Cheibriados
Dithmenos
Elyvilon
Fedhas
Gozag
Kikubaaqudgha
Makhleb
Nemelex Xobeh
Okawaru
Qazlal
Ru
Sif Muna
Trog
Vehumet
Xom
Yredelemnul
Zin
The Shining One

Annotations:
D:6 Blork the orc


Innate Abilities, Weirdness & Mutations

You are small and have problems with some larger weapons.
You are carnivorous and can eat meat at any time.


Message History

You barely miss the iron imp.
The spatial vortex moves out of view.
The spatial maelstrom misses you. The spatial maelstrom hits you!
Space bends around you.
The spatial vortex moves out of view.
The spatial maelstrom hits you but does no damage.
The spatial maelstrom misses you. The iron imp closely misses you.
A spatial vortex comes into view.
The spatial maelstrom closely misses you.
The spatial maelstrom hits you but does no damage.
The iron imp picks up a beetle and eats it.
The spatial maelstrom barely misses you.
The spatial maelstrom completely misses you.
The iron imp puffs mist at you.
A spatial vortex comes into view.
The spatial vortex hits you!!
* * * LOW HITPOINT WARNING * * *
A powerful magic prevents control of your teleportation.
You blink.
The spatial maelstrom closely misses you. x2
The spatial maelstrom hits you!
You die...

.. ## ##. 3.. # ..
#.##..##..#.# #. #......
# ..# #....# #...#..#
#...# #.. ...## ##@#
#... ..# ##
#.v.#####......#...
#..##.#.v....... .## ..
#.##..v##.##.. .#.. .##
#....#.5.##....#.#....#.
#.#......#. #.....#..#.#
# #.#.##..###..#.#..# ..
###.#.#.3...#.#. ## .
.##.v#.....##.?#.#


You could see a spatial maelstrom and 2 spatial vortices.

Vanquished Creatures
  Prince Ribbit (D:4)
  A small abomination (Abyss:1)
  An orc warrior (D:5)
  Purgy (D:3)
  A phantom (D:4)
  3 sky beasts
  A necrophage (D:5)
  A centaur (D:6)
  A giant frog (D:5)
  3 orc priests
  2 hounds
  2 quasits (D:5)
  3 worker ants
  A worker ant zombie (D:5)
  12 gnolls
  3 adders
  A shadow imp (D:5)
  A worm (D:2)
  3 giant geckos
  2 oozes
  18 orcs
  A ball python (D:2)
  A bat skeleton (D:6)
  A bat zombie (D:5)
  12 goblins
  13 hobgoblins
  12 jackals
  12 kobolds
  9 bats
  5 giant cockroaches
  8 giant newts
  A jackal skeleton (D:6)
  4 quokkas
  7 rats
148 creatures vanquished.

Notes
Turn   | Place    | Note
--------------------------------------------------------------
     0 | D:1      | dvd, the Kobold Hunter, began the quest for the Orb.
     0 | D:1      | Reached XP level 1. HP: 12/12 MP: 1/1
    60 | D:1      | Reached skill level 5 in Crossbows
   222 | D:1      | Reached XP level 2. HP: 17/17 MP: 2/2
   611 | D:1      | Reached XP level 3. HP: 21/21 MP: 3/3
  1004 | D:2      | Found a burning altar of Makhleb.
  1016 | D:2      | Reached skill level 6 in Crossbows
  1841 | D:2      | Reached XP level 4. HP: 26/26 MP: 4/4
  2991 | D:3      | Reached XP level 5. HP: 30/30 MP: 5/5
  3282 | D:3      | Reached skill level 1 in Short Blades
  3347 | D:4      | Noticed Prince Ribbit
  3359 | D:4      | Killed Prince Ribbit
  3359 | D:4      | Reached skill level 7 in Crossbows
  3359 | D:4      | Reached skill level 1 in Armour
  3359 | D:4      | Reached XP level 6. HP: 20/36 MP: 6/6
  3392 | D:4      | Noticed Purgy
  3435 | D:3      | Killed Purgy
  3435 | D:3      | Reached skill level 1 in Evocations
  3435 | D:3      | Reached XP level 7. HP: 18/40 MP: 6/8
  3774 | D:4      | Reached skill level 5 in Dodging
  3809 | D:4      | Noticed a phantom
  3831 | D:4      | Killed a phantom
  4515 | D:5      | Entered Level 5 of the Dungeon
  4547 | D:5      | Found a staircase to the Ecumenical Temple.
  4556 | Temple   | Entered the Ecumenical Temple
  4615 | Temple   | Became a worshipper of Warmaster Okawaru
  5029 | D:5      | Reached XP level 8. HP: 45/45 MP: 8/10
  5142 | D:5      | Reached skill level 8 in Crossbows
  5509 | D:5      | Reached skill level 1 in Throwing
  5657 | D:5      | Acquired Okawaru's first power
  6570 | D:5      | HP: 2/45 [orc/falchion (8)]
  6943 | D:6      | Reached XP level 9. HP: 26/50 MP: 14/14
  6944 | D:6      | Noticed Blork the orc
  7942 | D:6      | Cast into the Abyss (gnoll)
  8022 | Abyss:1  | Found a corrupted altar of Lugonu.
  8083 | Abyss:1  | Noticed a starcursed mass
  8091 | Abyss:1  | Noticed a spatial maelstrom
  8107 | Abyss:1  | Slain by a spatial maelstrom

Action                   |  1- 3 |  4- 6 |  7- 9 || total
-------------------------+-------+-------+-------++-------
Melee: Short sword       |    28 |    98 |   293 ||   419
 Fire: Hand crossbow     |    56 |    52 |    53 ||   161
Throw: Tomahawk          |       |       |    37 ||    37
Invok: Heroism           |       |       |     2 ||     2
Evoke: Wand              |       |     6 |    44 ||    50
  Use: Scroll            |       |     8 |     5 ||    13
       Potion            |       |       |     8 ||     8
 Stab: Sleeping          |     1 |     1 |       ||     2
       Distracted        |     1 |       |       ||     1
  Eat: Chunk             |    11 |     5 |    15 ||    31
